 Dungeon Sprint DCSS version 0.28-a0-1524-ge72afd5fc6 (webtiles) character file.

Game seed: 1589516701484894798

62137 mhtbhm the Hoplite (level 15, -2/101 HPs)
             Began as a Gargoyle Fighter on Jan 17, 2022.
             Was the Champion of Qazlal.
             Slain by a death scarab (13 damage)
             ... summoned by a royal mummy
             ... in the Dungeon (Sprint VII: "The Pits").
             The game lasted 00:14:53 (5579 turns).

mhtbhm the Hoplite (Gargoyle Fighter)               Turns: 5579, Time: 00:14:53

Health: -2/101     AC: 43    Str: 25    XL:     15   Next: 5%
Magic:  27/27      EV: 13    Int: 11    God:    Qazlal [******]
Gold:   67         SH: 31    Dex: 12    Spells: 14/14 levels left

rFire   . . .      SeeInvis .   t - +5 broad axe (vorpal)
rCold   . . .      Faith    .   c - +1 tower shield
rNeg    + + .      Spirit   .   b - +3 plate armour {rN+}
rPois   ∞          Reflect  .   J - +1 helmet
rElec   +          Harm     .   I - +1 cloak
rCorr   .          Rampage  .   H - +0 pair of gloves {Dex+3}
Will    +....      NoTele   +   s - +0 pair of boots
Stlth   ..........              (no amulet)
HPRegen 0.26/turn               p - +3 ring of protection
MPRegen 0.20/turn               o - +3 ring of evasion

@: mighty, flying, slowed, repel missiles, very slow
A: sickness immunity, AC +11, big wings, negative energy resistance 1,
electricity resistance, torment resistance 1, petrification resistance, low mp
1, sense surroundings 1, screaming 1, devolution 1
a: Renounce Religion, Upheaval, Elemental Force, Disaster Area


You were in the Dungeon.
You worshipped Qazlal.
Qazlal was exalted by your worship.
You visited 1 branch You collected 67 gold pieces.

Inventory:

Hand Weapons
 a - a +4 flail of protection
 t - a +5 vorpal broad axe (weapon)
 u - a +0 mace of holy wrath
 G - a +2 broad axe of venom
Missiles
 n - 2 poisoned darts (quivered)
 C - 5 javelins
Armour
 b - a +3 plate armour of positive energy (worn)
 c - a +1 tower shield (worn)
 s - a +0 pair of boots (worn)
 H - a +0 pair of gloves of dexterity (worn)
 I - a +1 cloak (worn)
 J - a +1 helmet (worn)
Jewellery
 o - a +3 ring of evasion (right hand)
 p - a +3 ring of protection (left hand)
 w - a ring of fire
 D - the ring "Arakk" {Wiz Dex+6}
   (You found it in the Dungeon)

   [ring of wizardry]

   It improves your spell success rate.
   Dex:       It affects your dexterity (+6).
Scrolls
 j - a scroll of blinking
 l - 5 scrolls of amnesia
 m - a scroll of summoning
 y - 4 scrolls of fog
 A - 2 scrolls of enchant armour
 B - a scroll of fear
 E - a scroll of identify
Potions
 d - 3 potions of might
 e - 5 potions of curing
 f - 5 potions of heal wounds
 g - 3 potions of haste
 h - 5 potions of magic
 i - a potion of berserk rage
 k - a potion of invisibility
 q - a potion of brilliance
 r - 2 potions of resistance
Miscellaneous
 x - a piece from Xom's chessboard (14/15)
 F - a phantom mirror


   Skills:
 + Level 14.8 Fighting
 * Level 14.0(16.5) Axes
 + Level 15.4(18.0) Maces & Flails
 + Level 16.8 Armour
 + Level 7.6 Dodging
 + Level 9.9 Stealth
 + Level 22.3 Shields
 * Level 22.1 Invocations
 + Level 1.0 Evocations


You had 14 spell levels left.
You didn't know any spells.
Your spell library contained the following spells:

 Spells                   Type           Power      Damage    Failure   Level
 Shock                    Conj/Air       0%         1d3       98%         1
 Conjure Flame            Conj/Fire      0%         6-21      100%        3
 Ignite Poison            Fire/Tmut/Pois 0%         N/A       100%        3
 Spider Form              Tmut/Pois      0%         N/A       100%        3
 Swiftness                Air            0%         N/A       100%        3
 Airstrike                Air            0%         N/A       100%        4
 Sticky Flame             Conj/Fire      0%         2d3       100%        4
 Haunt                    Necr/Summ      0%         N/A       100%        7
 Borgnjor's Revivificati  Necr           0%         N/A       100%        8


Dungeon Overview and Level Annotations

Branches:
Dungeon (1/1)

Altars:
Ashenzari
Cheibriados
Dithmenos
Elyvilon
Fedhas
Gozag
Hepliaklqana
Kikubaaqudgha
Makhleb
Nemelex Xobeh
Okawaru
Qazlal
Ru
Sif Muna
Trog
Uskayaw
Vehumet
Wu Jian
Xom
Yredelemnul
Zin
The Shining One
Beogh
Jiyva
Lugonu


Innate Abilities, Weirdness & Mutations

You are immune to sickness and miasma.
Your stone body is resilient. (AC +11)
You are immune to poison.
Your large and strong wings let you fly.
You resist negative energy. (rN+)
You are resistant to electric shocks. (rElec)
You are resistant to unholy torment.
You are immune to petrification.
Your magical capacity is low. (-10% MP)
You passively map a small area around you.
You occasionally shout uncontrollably at your foes.
You have hidden genetic defects.


Message History

The royal mummy is severely damaged.
You barely miss the death scarab. You slash the death scarab!
You destroy the death scarab!
The death scarab's corpse disappears in a puff of smoke!
You hit the emperor scorpion but do no damage.
The death scarab bites you but does no damage.
You block the death scarab's attack.
You block the emperor scorpion's attack.
The emperor scorpion claws you but does no damage.
You block the emperor scorpion's attack.
The royal mummy barely misses you.
You barely miss the royal mummy.
The royal mummy is severely damaged.
You hit the emperor scorpion but do no damage.
You block the death scarab's attack.
You block the emperor scorpion's attack. x2
The emperor scorpion claws you but does no damage.
The death scarab misses you.
The royal mummy mumbles some strange words.
The emperor scorpion stings you!
* * * LOW HITPOINT WARNING * * *
The emperor scorpion claws you but does no damage.
The emperor scorpion claws you.
* * * LOW HITPOINT WARNING * * *
You closely miss the royal mummy.
The royal mummy is severely damaged.
You barely miss the death scarab. You slice the death scarab!!
You hit the emperor scorpion.
The death scarab bites you but does no damage.
You block the death scarab's attack. The death scarab barely misses you.
The royal mummy mumbles some strange words.
You block the emperor scorpion's attack. x3
You block the royal mummy's attack.
The death scarab bites you but does no damage.
You barely miss the royal mummy.
The royal mummy is severely damaged.
You closely miss the emperor scorpion. You slash the death scarab!
You barely miss the death scarab. You block the death scarab's attack.
The death scarab bites you!
You die...

, , +* * * * *
,+ * *+ * + * *
**,+ + + + * *
, ### ### *,
##B###.###+# ,
+
,+BB.†...##.##
*#@s##'.##...#
*#M###.##)'))[#
## ##*####.##
** * **#'# ,
*#.# * , , #'#
* * #.# , , #'#
, #.#


You could see a royal mummy, an emperor scorpion (summoned) and 3 death scarabs.

Vanquished Creatures
  An orb of fire (D)
  A pandemonium lord (D)
  A curse toe (D)
  A profane servitor (D)
  A tentacled monstrosity (D)
  An Ice Fiend (D)
  An Executioner (D)
  A quicksilver dragon (D)
  2 nagarajas (D)
  An emperor scorpion (D)
  An orc warlord (D)
  A balrug (D)
  A cacodemon (D)
  A draconian stormcaller (D)
  An ophan (D)
  A war gargoyle (D)
  A red draconian (D)
  2 green deaths (D)
  A deep elf death mage (D)
  2 naga warriors (D)
  3 vault guards (D)
  A boulder beetle (D)
  A spriggan air mage (D)
  A catoblepas (D)
  A merfolk aquamancer (D)
  A death knight (D)
  A vampire mage (D)
  3 death yaks (D)
  A spriggan berserker (D)
  3 deep elf knights (D)
  A shadow wraith (D)
  5 sun demons (D)
  A sixfirhy (D)
  A spriggan druid (D)
  A flayed ghost (D)
  A swamp dragon (D)
  2 bog bodies (D)
  A deep elf zephyrmancer (D)
  9 orc knights (D)
  A manticore (D)
  An elephant (D)
  A guardian serpent (D)
  A naga mage (D)
  A smoke demon (D)
  A gargoyle (D)
  An orange demon (D)
  A freezing wraith (D)
  A kobold demonologist (D)
  A komodo dragon (D)
  3 yaktaurs (D)
  A guardian mummy (D)
  An ice devil (D)
  A wandering mushroom (D)
  A troll (D)
  A tyrant leech (D)
  2 hornets (D)
  A wind drake (D)
  A tarantella (D)
  4 blink frogs (D)
  5 water elementals (D)
  2 spriggans (D)
  4 shadows (D)
  A wyvern (D)
  2 ynoxinuls (D)
  7 redbacks (D)
  A golden eye (D)
  A steam dragon (D)
  A neqoxec (D)
  2 vampire mosquitoes (D)
  A warg (D)
  A naga (D)
  An acid dragon (D)
  A floating eye (D)
  3 orc warriors (D)
  An ice beast (D)
  A small abomination (D)
  A black bear (D)
  2 ogres (D)
  4 centaurs (D)
  A kobold brigand (D)
  An earth elemental (D)
  A bullfrog (D)
  2 scorpions (D)
  4 wights (D)
  2 orc priests (D)
  A hound (D)
  2 iron imps (D)
  3 orc wizards (D)
  3 river rats (D)
  2 white imps (D)
  An adder skeleton (D)
  An adder zombie (D)
  A worm (D)
  13 orcs (D)
  A bat skeleton (D)
  An endoplasm (D)
  2 jackals (D)
  A kobold (D)
  A quokka (D)
  A ball python simulacrum (D)
  A ball python zombie (D)
  A quokka skeleton (D)
  A rat (D)
177 creatures vanquished.

Vanquished Creatures (collateral kills)
  A nagaraja (D)
  An orc warlord (D)
  A yaktaur captain (D)
  A vault guard (D)
  2 orc knights (D)
  2 lindwurms (D)
  A smoke demon (D)
  2 yaktaurs (D)
  A hellwing (D)
  A blink frog (D)
  A snapping turtle (D)
  A redback (D)
  A water moccasin (D)
  An orc wizard (D)
  An orc (D)
  A jackal (D)
19 creatures vanquished.

Grand Total: 196 creatures vanquished

Notes
Turn   | Place    | Note
-------+----------+-------------------------------------------
     0 | D        | mhtbhm the Gargoyle Fighter began the quest for the Orb.
     0 | D        | Reached XP level 1. HP: 14/14 MP: 1/1
   177 | D        | Found a bloodstained altar of Trog.
   177 | D        | Found a shimmering blue altar of Sif Muna.
   177 | D        | Found a viscous altar of Jiyva.
   177 | D        | Found a hazy altar of Hepliaklqana.
   177 | D        | Found an opulent altar of Gozag.
   178 | D        | Found a glowing golden altar of the Shining One.
   178 | D        | Found a glowing silver altar of Zin.
   178 | D        | Found a basalt altar of Yredelemnul.
   178 | D        | Found a shimmering altar of Xom.
   178 | D        | Found an ornate altar of the Wu Jian Council.
   178 | D        | Found a sacrificial altar of Ru.
   178 | D        | Found a stormy altar of Qazlal.
   178 | D        | Found an iron altar of Okawaru.
   178 | D        | Found a sparkling altar of Nemelex Xobeh.
   178 | D        | Found a burning altar of Makhleb.
   178 | D        | Found a blossoming altar of Fedhas.
   178 | D        | Found a white marble altar of Elyvilon.
   178 | D        | Found a shadowy altar of Dithmenos.
   178 | D        | Found a snail-covered altar of Cheibriados.
   181 | D        | Found a corrupted altar of Lugonu.
   181 | D        | Found a radiant altar of Vehumet.
   182 | D        | Found an ancient bone altar of Kikubaaqudgha.
   182 | D        | Found a hide-covered altar of Uskayaw.
   182 | D        | Found a broken altar of Ashenzari.
   187 | D        | Became a worshipper of Qazlal Stormbringer
   228 | D        | Reached XP level 2. HP: 20/20 MP: 2/2
   236 | D        | Reached * piety under Qazlal
   261 | D        | Reached XP level 3. HP: 24/24 MP: 3/3
   265 | D        | Reached ** piety under Qazlal
   271 | D        | Noticed a kobold brigand
   279 | D        | Killed a kobold brigand
   280 | D        | Reached skill level 5 in Fighting
   280 | D        | Reached skill level 5 in Armour
   280 | D        | Reached skill level 5 in Shields
   280 | D        | Reached XP level 4. HP: 28/32 MP: 3/6
   372 | D        | Noticed a warg
   373 | D        | Noticed a centaur
   375 | D        | Noticed an orc warrior
   375 | D        | Noticed an ogre
   377 | D        | Reached skill level 1 in Dodging
   377 | D        | Reached XP level 5. HP: 36/36 MP: 7/7
   377 | D        | Reached *** piety under Qazlal
   384 | D        | Killed a warg
   385 | D        | Reached skill level 5 in Maces & Flails
   385 | D        | Reached skill level 5 in Invocations
   385 | D        | Reached XP level 6. HP: 22/42 MP: 7/9
   399 | D        | Reached **** piety under Qazlal
   407 | D        | Reached XP level 7. HP: 48/48 MP: 9/11
   438 | D        | Reached ***** piety under Qazlal
   547 | D        | Noticed a smoke demon
   562 | D        | Killed a smoke demon
   563 | D        | Reached XP level 8. HP: 6/54 MP: 12/14
   863 | D        | Noticed a bog body
   870 | D        | Killed a bog body
   871 | D        | Reached skill level 10 in Maces & Flails
   871 | D        | Reached skill level 10 in Shields
   875 | D        | Reached ****** piety under Qazlal
   885 | D        | Found the +13 scythe of Curses {drain, Drain}
  1014 | D        | Noticed a shadow
  1014 | D        | Noticed a troll
  1024 | D        | Reached XP level 9. HP: 59/60 MP: 15/15
  1028 | D        | Killed a troll
  1035 | D        | Reached skill level 10 in Armour
  1071 | D        | Noticed a swamp dragon
  1071 | D        | Noticed a bog body
  1081 | D        | Noticed a tyrant leech
  1084 | D        | Killed a bog body
  1085 | D        | Reached skill level 10 in Invocations
  1094 | D        | Killed a swamp dragon
  1098 | D        | Noticed a lindwurm
  1112 | D        | Killed a tyrant leech
  1122 | D        | Killed a lindwurm
  1123 | D        | Reached XP level 10. HP: 52/66 MP: 9/18
  1152 | D        | Reached skill level 5 in Dodging
  1187 | D        | Noticed a gargoyle
  1187 | D        | Noticed an orange demon
  1209 | D        | Killed an orange demon
  1238 | D        | Killed a gargoyle
  1485 | D        | Noticed an elephant
  1485 | D        | Noticed a flayed ghost
  1486 | D        | Noticed a deep elf zephyrmancer
  1495 | D        | Killed a flayed ghost
  1512 | D        | Killed an elephant
  1515 | D        | Killed a deep elf zephyrmancer
  1516 | D        | Reached skill level 10 in Fighting
  1516 | D        | Reached XP level 11. HP: 38/72 MP: 20/20
  1683 | D        | Noticed a lindwurm
  1683 | D        | Noticed a spriggan druid
  1687 | D        | Reached skill level 15 in Shields
  1693 | D        | Killed a lindwurm
  1702 | D        | Killed a spriggan druid
  1928 | D        | Noticed an emperor scorpion
  1931 | D        | Killed a shadow wraith
  1945 | D        | Killed an emperor scorpion
  2015 | D        | Got Yliwniud's Handbook of Unstable Stolen Souls
  2148 | D        | Noticed a death yak
  2150 | D        | Noticed a death yak
  2150 | D        | Noticed a death yak
  2176 | D        | Killed a death yak
  2197 | D        | Killed a death yak
  2216 | D        | Killed a death yak
  2217 | D        | Reached skill level 15 in Invocations
  2217 | D        | Reached XP level 12. HP: 56/80 MP: 23/23
  2576 | D        | Noticed a nagaraja
  2607 | D        | Killed a nagaraja
  2973 | D        | Noticed an ophan
  2973 | D        | Noticed a sun demon
  2973 | D        | Noticed a catoblepas
  2974 | D        | Noticed a deep elf death mage
  2974 | D        | Noticed a spriggan berserker
  2974 | D        | Killed a spriggan berserker
  2974 | D        | Killed a deep elf death mage
  2979 | D        | Killed a sun demon
  2983 | D        | Killed an ophan
  2986 | D        | Killed a catoblepas
  2995 | D        | Got the ring "Arakk" {Wiz Dex+6}
  3106 | D        | Noticed a naga warrior
  3106 | D        | Noticed a nagaraja
  3108 | D        | Reached skill level 5 in Stealth
  3110 | D        | Killed a naga warrior
  3110 | D        | Killed a nagaraja
  3110 | D        | Killed a vampire mage
  3111 | D        | Reached skill level 15 in Maces & Flails
  3111 | D        | Reached skill level 15 in Armour
  3111 | D        | Reached XP level 13. HP: 87/87 MP: 8/25
  3111 | D        | Noticed a nagaraja
  3114 | D        | Noticed a war gargoyle
  3136 | D        | Killed a war gargoyle
  3151 | D        | Killed a nagaraja
  3627 | D        | Noticed an orc warlord
  3627 | D        | Noticed an orc warlord
  3633 | D        | Killed an orc warlord
  3634 | D        | Reached skill level 1 in Axes
  3636 | D        | Noticed a yaktaur captain
  3640 | D        | Killed an orc warlord
  3640 | D        | Noticed a vault guard
  3643 | D        | Killed a yaktaur captain
  3646 | D        | Noticed a naga warrior
  3650 | D        | Killed a vault guard
  3655 | D        | Killed a naga warrior
  3693 | D        | Noticed a vault guard
  3703 | D        | Killed a vault guard
  3734 | D        | Reached skill level 5 in Axes
  3925 | D        | Noticed a vault guard
  3929 | D        | Killed a vault guard
  3929 | D        | Noticed a vault guard
  3930 | D        | Gained mutation: Your large and strong wings let you fly.
                  | [Gargoyle growth]
  3930 | D        | Reached XP level 14. HP: 86/94 MP: 19/28
  3933 | D        | Reached skill level 1 in Evocations
  4288 | D        | Noticed Wuypt the pandemonium lord
  4323 | D        | Killed Wuypt the pandemonium lord
  4531 | D        | Noticed a cacodemon
  4549 | D        | Gained mutation: You passively map a small area around you.
                  | [a cacodemon]
  4552 | D        | Gained mutation: You are frail. (-10% HP) [a cacodemon]
  4557 | D        | Gained mutation: You have hidden genetic defects. [a
                  | cacodemon]
  4557 | D        | Gained mutation: Your spells are a little easier to cast,
                  | but a little less powerful. [a cacodemon]
  4558 | D        | Killed a cacodemon
  4574 | D        | Lost mutation: Your spells are a little easier to cast, but
                  | a little less powerful. [potion of mutation]
  4574 | D        | Lost mutation: You are frail. (-10% HP) [potion of
                  | mutation]
  4653 | D        | Noticed a profane servitor
  4698 | D        | Killed a profane servitor
  4977 | D        | Noticed a tentacled monstrosity
  4987 | D        | Killed a tentacled monstrosity
  5006 | D        | Noticed a curse toe
  5019 | D        | Killed a curse toe
  5221 | D        | Noticed a red draconian
  5221 | D        | Noticed an Ice Fiend
  5221 | D        | Noticed an orb of fire
  5221 | D        | Noticed a white draconian stormcaller
  5222 | D        | Killed a white draconian stormcaller
  5222 | D        | Killed a red draconian
  5222 | D        | Killed an Ice Fiend
  5227 | D        | Gained mutation: You occasionally shout uncontrollably at
                  | your foes. [an orb of fire]
  5234 | D        | Killed an orb of fire
  5242 | D        | Gained mutation: Your magical capacity is low. (-10% MP)
                  | [hidden defects]
  5256 | D        | Noticed a balrug
  5260 | D        | Noticed an Executioner
  5275 | D        | Killed a balrug
  5283 | D        | Killed an Executioner
  5308 | D        | Reached XP level 15. HP: 40/101 MP: 24/27
  5538 | D        | Noticed a quicksilver dragon
  5543 | D        | Killed a quicksilver dragon
  5556 | D        | Noticed a royal mummy
  5576 | D        | Noticed an emperor scorpion
  5579 | D        | Slain by a death scarab

Illustrated notes

Levels and vault maps discovered:
D:        pitsprint [storerooms_1, entrance_room_1, metal_vault_1, armoury_2,
          mini_pit_1, grid_room_1, main_hall_1, silver_pit, the_coven_2,
          the_vestibule_1, steel_vault_5, golden_pit, hallway_of_sentries,
          crystal_vault_2, iron_vault_3, final_vault]

Skill      XL: |  1  2  3  4  5  6  7  8  9 10 11 12 13 14 15 |
---------------+----------------------------------------------+-----
Fighting       | 4 5 6 7 8 9 10 11 12 13 14 | 14.8
Armour         | 4 5 6 7 8 9 11 12 13 15 16 | 16.8
Shields        | 4 5 6 7 9 10 12 14 16 18 20 22 | 22.3
Maces & Flails | 3 5 6 8 10 11 12 13 15 | 15.4
Invocations    | 3 5 6 8 9 11 12 15 17 20 22 | 22.1
Dodging        | 1 2 3 4 5 6 7 |  7.6
Stealth        | 3 6 9 |  9.9
Axes           | 5 13 14 | 14.0
Evocations     | 1 |  1.0

Action                   |  1- 3 |  4- 6 |  7- 9 | 10-12 | 13-15 || total
-------------------------+-------+-------+-------+-------+-------++-------
Melee: Flail             |     3 |       |       |       |       ||     3
       Mace              |    29 |    29 |   143 |   257 |    82 ||   540
       Broad axe         |       |       |       |       |   243 ||   243
Invok: Elemental Force   |       |       |     1 |     2 |     6 ||     9
       Upheaval          |       |       |     1 |     1 |       ||     2
       Disaster Area     |       |       |       |     5 |     5 ||    10
Evoke: Piece from Xom's  |       |       |       |       |     5 ||     5
  Use: Potion            |       |     1 |     4 |       |    13 ||    18
       Scroll            |       |       |       |       |     4 ||     4
 Stab: Paralysed         |       |       |       |     4 |     5 ||     9
       Petrified         |       |       |       |     3 |       ||     3
       Invisible         |       |       |       |       |     3 ||     3
Armor: Scale mail        |    17 |    14 |    25 |       |       ||    56
       Chain mail        |       |       |    39 |   108 |    37 ||   184
       Plate armour      |       |       |       |       |   106 ||   106
Dodge: Dodged            |    10 |     8 |    62 |    85 |    72 ||   237
       Repelled          |       |       |     1 |     6 |     2 ||     9
Block: Buckler           |    10 |    15 |   107 |   185 |    77 ||   394
       Tower shield      |       |       |       |       |   265 ||   265

Table legend: (Time is in decaauts)
 A = Elapsed time spent in this place.
 B = Non-inter-level travel time spent in this place.
 C = Inter-level travel time spent in this place.
 D = Time resting spent in this place.
 E = Time spent auto-exploring this place.
 F = Levels seen in this place.
 G = Mean time per level.
                   A        B        C        D        E       F      G
               +--------+--------+--------+--------+--------+-----+--------+
         Total |   5622 |   5622 |      0 |   3383 |     76 |   1 | 5622.0 |
       Dungeon |   5622 |   5622 |      0 |   3383 |     76 |   1 | 5622.0 |
               +--------+--------+--------+--------+--------+-----+--------+

Top non-repeatable levels by time:
       D: 5622 daAuts
